 Dungeon Crawl Stone Soup version 0.24.0-1-gfbc8707 (webtiles) character file.

Game seed: 18331021439602002239, levelgen mode: deterministic

172 Faca the Insei (level 5, -1/43 HPs)
             Began as a Gnoll Wanderer on Oct 30, 2019.
             Slain by a scorpion (8 damage)
             ... on level 3 of the Dungeon.
             The game lasted 00:05:24 (2104 turns).

Faca the Insei (Gnoll Wanderer)                     Turns: 2104, Time: 00:05:24

Health: -1/43      AC:  3    Str: 15    XL:     5   Next: 53%
Magic:  7/7        EV: 10    Int: 14    God:
Gold:   90         SH:  9    Dex: 15    Spells: 7/7 levels left

rFire    . . .     SeeInvis .     - Unarmed
rCold    . . .     Gourm    .   e - +0 shield
rNeg     . . .     Faith    .   m - +0 leather armour
rPois    .         Spirit   .   (no helmet)
rElec    .         Reflect  .   (no cloak)
rCorr    .         Harm     .   (no gloves)
MR       .....                  (no boots)
Stlth    +++.......             (no amulet)
HPRegen  0.14/turn              (no ring)
MPRegen  0.10/turn              (no ring)

@: lethally poisoned (-1 -> -13)
A: distributed training, fangs 1, strong nose
a: no special abilities


You were on level 3 of the Dungeon.
You were hungry.

You visited 1 branch of the dungeon, and saw 3 of its levels.

You collected 90 gold pieces.

Inventory:

Hand Weapons
 k - a +0 hunting sling of flaming
Missiles
 a - 8 boomerangs (quivered)
 g - 24 sling bullets
 j - 53 stones
Armour
 e - a +0 shield (worn)
 m - a +0 leather armour (worn)
Scrolls
 b - 3 scrolls of teleportation
Potions
 c - 3 potions of curing
 h - 2 potions of heal wounds
 i - a potion of brilliance
 l - a potion of resistance
Comestibles
 f - 4 rations


   Skills:
 + Level 4.8 Fighting
 + Level 1.5 Short Blades
 + Level 1.5 Long Blades
 + Level 1.5 Axes
 + Level 1.5 Maces & Flails
 + Level 1.5 Polearms
 + Level 1.5 Staves
 + Level 1.5 Slings
 + Level 1.5 Bows
 + Level 1.5 Crossbows
 + Level 1.5 Throwing
 + Level 1.5 Armour
 + Level 3.0 Dodging
 + Level 6.1 Stealth
 + Level 3.0 Shields
 + Level 6.7 Unarmed Combat
 + Level 1.5 Spellcasting
 + Level 1.2 Conjurations
 + Level 1.2 Hexes
 + Level 1.2 Charms
 + Level 1.2 Summonings
 + Level 1.2 Necromancy
 + Level 1.2 Translocations
 + Level 1.2 Transmutations
 + Level 1.2 Fire Magic
 + Level 1.2 Ice Magic
 + Level 1.2 Air Magic
 + Level 1.2 Earth Magic
 + Level 1.2 Poison Magic
 + Level 1.7 Invocations
 + Level 1.5 Evocations


You had 7 spell levels left.
You didn't know any spells.
Your spell library was empty.

Dungeon Overview and Level Annotations

Branches:
Dungeon (3/15)

Altars:
Nemelex Xobeh


Innate Abilities, Weirdness & Mutations

Your experience applies equally to all skills.
You have very sharp teeth.
Your uncanny sense of smell can sniff out nearby items.


Message History

The scorpion stings you.
You are poisoned.
The scorpion poisons you!
You hit the scorpion.
The scorpion is heavily wounded.
You feel sick. The scorpion stings you!
You are more poisoned.
The scorpion poisons you!
You are too injured to fight recklessly!
You are too injured to fight recklessly!
You are too injured to fight recklessly!
You hit the scorpion but do no damage.
The scorpion is heavily wounded.
You feel sick. The scorpion stings you!
* * * LOW HITPOINT WARNING * * *
You hit the scorpion but do no damage.
The scorpion is heavily wounded.
* * * LOW HITPOINT WARNING * * *
You feel sick. The scorpion stings you!
You die...

#.#
#....####.##
#.#
####.......#
#.# #....$..#
#.#####
#.......#
#.....#
#./.....#### #
#####.#
#..........##.#
#.#
#.............#
#.#
#......†......#
#.#
#.......@.....#
#.#
#########s....#
#.##### .......
#.....# .......
#.....# .......
#.....# .......
#!##### .###...
#.# .. ... #.#


You could see a scorpion.

Vanquished Creatures
  A jelly (D:2)
  7 gnolls
  2 adders
  An ooze (D:1)
  2 worms
  2 leopard geckos
  A ball python (D:3)
  2 giant cockroaches
  7 goblins
  5 hobgoblins
  2 jackals (D:1)
  4 kobolds
  A quokka (D:1)
  6 bats
  2 frilled lizards
  4 rats
49 creatures vanquished.

Notes
Turn   | Place    | Note
-------+----------+-------------------------------------------
     0 | D:1      | Faca the Gnoll Wanderer began the quest for the Orb.
     0 | D:1      | Faca set off with the following items: a +0 dagger, a
                  | scroll of teleportation, a potion of curing, a +0 robe, a
                  | +0 shield, a ration
     0 | D:1      | Reached XP level 1. HP: 20/20 MP: 1/1
   131 | D:1      | Found a sparkling altar of Nemelex Xobeh.
   166 | D:1      | Reached XP level 2. HP: 26/26 MP: 2/2
   556 | D:1      | Reached XP level 3. HP: 25/31 MP: 3/3
   737 | D:2      | Reached skill level 1 in Invocations
   777 | D:1      | Reached skill level 1 in Short Blades
   777 | D:1      | Reached skill level 1 in Long Blades
   777 | D:1      | Reached skill level 1 in Axes
   777 | D:1      | Reached skill level 1 in Maces & Flails
   777 | D:1      | Reached skill level 1 in Polearms
   777 | D:1      | Reached skill level 1 in Staves
   777 | D:1      | Reached skill level 1 in Slings
   777 | D:1      | Reached skill level 1 in Bows
   777 | D:1      | Reached skill level 1 in Crossbows
   777 | D:1      | Reached skill level 1 in Throwing
   777 | D:1      | Reached skill level 1 in Armour
   777 | D:1      | Reached skill level 1 in Spellcasting
   777 | D:1      | Reached skill level 1 in Evocations
  1082 | D:1      | Reached XP level 4. HP: 17/38 MP: 5/5
  1376 | D:2      | Reached skill level 1 in Conjurations
  1376 | D:2      | Reached skill level 1 in Hexes
  1376 | D:2      | Reached skill level 1 in Charms
  1376 | D:2      | Reached skill level 1 in Summonings
  1376 | D:2      | Reached skill level 1 in Necromancy
  1376 | D:2      | Reached skill level 1 in Translocations
  1376 | D:2      | Reached skill level 1 in Transmutations
  1376 | D:2      | Reached skill level 1 in Fire Magic
  1376 | D:2      | Reached skill level 1 in Ice Magic
  1376 | D:2      | Reached skill level 1 in Air Magic
  1376 | D:2      | Reached skill level 1 in Earth Magic
  1376 | D:2      | Reached skill level 1 in Poison Magic
  1482 | D:2      | Reached XP level 5. HP: 37/43 MP: 6/6
  2104 | D:3      | Slain by a scorpion

Levels and vault maps discovered:
D:1:      wander_arrival_lonely_grave, layout_rooms, nemelex_altar_shiori
D:2:      layout_rooms
D:3:      layout_basic, lemuel_crystal_altar

Skill      XL: |  1  2  3  4  5 |
---------------+----------------+-----
Stealth        | 6 |  6.1
Invocations    | 1 |  1.7
Short Blades   | 1 |  1.5
Long Blades    | 1 |  1.5
Axes           | 1 |  1.5
Maces & Flails | 1 |  1.5
Polearms       | 1 |  1.5
Staves         | 1 |  1.5
Slings         | 1 |  1.5
Bows           | 1 |  1.5
Crossbows      | 1 |  1.5
Throwing       | 1 |  1.5
Armour         | 1 |  1.5
Spellcasting   | 1 |  1.5
Evocations     | 1 |  1.5
Conjurations   | 1 |  1.2
Hexes          | 1 |  1.2
Charms         | 1 |  1.2
Summonings     | 1 |  1.2
Necromancy     | 1 |  1.2
Translocations | 1 |  1.2
Transmutations | 1 |  1.2
Fire Magic     | 1 |  1.2
Ice Magic      | 1 |  1.2
Air Magic      | 1 |  1.2
Earth Magic    | 1 |  1.2
Poison Magic   | 1 |  1.2
Dodging        | 3 |  3.0
Shields        | 3 |  3.0
Fighting       | |  4.8
Unarmed Combat | |  6.7

Action                   |  1- 3 |  4- 6 || total
-------------------------+-------+-------++-------
Melee: Unarmed           |    90 |    62 ||   152
       Bite              |     7 |     5 ||    12
 Fire: Hunting sling     |       |     7 ||     7
  Use: Scroll            |     5 |     2 ||     7
 Stab: Sleeping          |     6 |     4 ||    10
  Eat: Chunk             |       |     3 ||     3
Armor: Robe              |    10 |       ||    10
       Leather armour    |     7 |    19 ||    26
Dodge: Dodged            |    38 |    19 ||    57
Block: Shield            |    28 |    35 ||    63
